 Dungeon Crawl Stone Soup version 0.31-a0-229-g1fc7ce9 (webtiles) character file.

Game seed: 13203078845860907255

45465 Dawnplanks the Stormcaller (level 14, 0/71 HPs)
             Began as a Tengu Air Elementalist on July 6, 2023.
             Was an Elder of Vehumet.
             Slain by a dream sheep (22 damage)
             ... on level 5 of the Lair of Beasts.
             The game lasted 00:44:40 (19490 turns).

Dawnplanks the Stormcaller (TeAE)                  Turns: 19490, Time: 00:44:40

Health: 0/71       AC: 13    Str: 10    XL:     14   Next: 33%
Magic:  41/53      EV:  2    Int: 29    God:    Vehumet [****..]
Gold:   497        SH:  0    Dex: 14    Spells: 10/43 levels left

rFire   + . .        P - +1 dagger of the Cursing Dove {protect, Int+4}
rCold   + + +        (no shield)
rNeg    . . .        x - +6 leather armour of Unreason {rC++ SInv}
rPois   .            M - +3 hat of Pondering {ponderous, Will+ MP+10 Int+5}
rElec   .            y - scarf {rC+ rF+}
rCorr   .            O - +0 pair of gloves
SInv    +            (boots unavailable)
Will    ++...        p - amulet of regeneration
Stlth   ++           H - ring of wizardry
HPRegen 1.11/turn    f - ring of magical power
MPRegen 0.33/turn

%: wizardry (x1)
@: sleeping, flying quickly and evasively
A: beak, talons 3, nimble flight
a: Renounce Religion


You were on level 5 of the Lair of Beasts.
You worshipped Vehumet.
Vehumet was greatly pleased with you.
You visited 3 branches of the dungeon, and saw 17 of its levels.
You also visited: Sewer.

You collected 1068 gold pieces.
You spent 571 gold pieces at shops.

Inventory:

Hand Weapons
 B - a +5 flail of freezing
 P - the +1 dagger of the Cursing Dove (weapon) {protect, Int+4}
   (You took it off a kobold on level 10 of the Dungeon)

   Int:       It affects your intelligence (+4).
Missiles
 a - 4 throwing nets
Armour
 x - the +6 leather armour of Unreason (worn) {rC++ SInv}
   (You found it on level 4 of the Dungeon)

   rC:        It greatly protects you from cold.
   SInv:      It lets you see invisible.
 y - a scarf of resistance (worn)
 I - a +0 hat
 M - the +3 hat of Pondering (worn) {ponderous, Will+ MP+10 Int+5}
   (You bought it in a shop on level 9 of the Dungeon)

   Int:       It affects your intelligence (+5).
   MP:        It affects your magic capacity (+10).
   Will:      It increases your willpower.
 O - a +0 pair of gloves (worn)
Magical Staves
 J - a staff of fire
Jewellery
 f - a ring of magical power (right hand)
 p - an amulet of regeneration (around neck)
 s - a ring of fire
 H - a ring of wizardry (left hand)
 Q - a ring of ice
 T - a ring of see invisible
Wands
 g - a wand of quicksilver (15)
 u - a wand of flame (19)
 G - a wand of roots (25)
 K - a wand of charming (11)
 L - a wand of polymorph (8)
 R - a wand of mindburst (15)
Scrolls
 d - 2 scrolls of amnesia {unknown}
 j - 9 scrolls of teleportation
 l - 3 scrolls of blinking
 m - 5 scrolls of vulnerability {unknown}
 o - 5 scrolls of enchant weapon {unknown}
 q - 3 scrolls of revelation
 r - 2 scrolls of butterflies
 t - 3 scrolls of immolation {unknown}
 v - 2 scrolls of poison
 w - a scroll of fear
 C - 2 scrolls of noise
 D - 6 scrolls of fog {unknown}
 E - a scroll of enchant armour
 N - a scroll of brand weapon
Potions
 b - 4 potions of magic
 c - 7 potions of curing
 e - 2 potions of attraction
 h - 2 potions of cancellation
 i - 3 potions of degeneration {unknown}
 k - 3 potions of brilliance {unknown}
 n - 2 potions of lignification
 z - a potion of heal wounds
 A - a potion of resistance {unknown}
 F - a potion of invisibility {unknown}
 S - a potion of mutation {unknown}


   Skills:
 + Level 1.7 Fighting
 + Level 4.9 Armour
 + Level 4.5 Dodging
 - Level 2.0 Stealth
 + Level 15.0 Spellcasting
 + Level 11.8 Conjurations
 + Level 4.6 Summonings
 + Level 1.1 Ice Magic
 + Level 18.5 Air Magic
 - Level 0.2 Poison Magic
 + Level 0.3 Evocations


You had 10 spell levels left.
You knew the following spells:

 Your Spells              Type           Power      Damage    Failure   Level
a - Shock                 Conj/Air       100%       1d9       0%          1
b - Static Discharge      Conj/Air       100%       2-7/arc   0%          2
c - Swiftness             Air            92%        N/A       0%          3
d - Airstrike             Air            46%        2d(7-23)  0%          4
e - Mephitic Cloud        Conj/Pois/Air  69%        N/A       1%          3
f - Summon Lightning Spi  Summ/Air       73%        N/A       1%          4
g - Freezing Cloud        Conj/Ice/Air   35%        6-21      1%          5
h - Plasma Beam           Fire/Air       33%        2x1d46    1%          6
i - Iskenderun's Battles  Conj           74%        2d12      1%          5

Your spell library contained the following spells:

 Spells                   Type           Power      Damage    Failure   Level
 Lee's Rapid Deconstruct  Erth           10%        3d8*      10%         5
 Beastly Appendage        Tmut           42%        N/A       1%          1
 Foxfire                  Conj/Fire      100%       2x1d9     1%          1
 Sting                    Tmut/Pois      88%        1d7       1%          1
 Poisonous Vapours        Pois/Air       100%       N/A       1%          2
 Sublimation of Blood     Necr           21%        N/A       1%          2
 Wereblood                Tmut           21%        N/A       1%          2
 Dazzling Flash           Conj/Hex       100%       N/A       1%          3
 Ignite Poison            Fire/Tmut/Pois 22%        N/A       1%          3
 Fireball                 Conj/Fire      27%        3d12      1%          5
 Irradiate                Conj/Tmut      27%        3d20      1%          5
 Silence                  Hex/Air        33%        N/A       1%          5
 Ozocubu's Armour         Ice            28%        N/A       2%          3
 Spider Form              Tmut/Pois      22%        N/A       3%          3
 Starburst                Conj/Fire      27%        6d9       4%          6
 Petrify                  Tmut/Erth      21%        N/A       12%         4
 Agony                    Necr           21%        N/A       32%         5
 Ozocubu's Refrigeration  Ice            14%        4d10      75%         7


Dungeon Overview and Level Annotations

Branches:
Dungeon (11/15)            Temple (1/1) D:7            Lair (4/5) D:8
  Swamp (0/4) Lair:3       Spider (0/4) Lair:2          Orc (0/2) D:10
  Sewer (visited)
  Slime: Lair:4-5

Altars:
Ashenzari
Cheibriados
Dithmenos
Elyvilon
Fedhas
Gozag
Hepliaklqana
Kikubaaqudgha
Makhleb
Nemelex Xobeh
Okawaru
Qazlal
Ru
Sif Muna
Trog
Uskayaw
Vehumet
Wu Jian
Xom
Yredelemnul
Zin
The Shining One

Annotations:
D:3 2 runed translucent doors, SteveLogic's ghost, amateur DECj
D:4 1 runed translucent door, aor's ghost, novice FoFi
D:8 3 runed translucent doors, Dega's ghost, novice DsFi


Innate Abilities, Weirdness & Mutations

You have a beak for a mouth.
You have claws for feet.
Your magical nature lets you fly swiftly and evasively.


Message History

The barrage of energy hits the dream sheep!
The dream sheep is moderately wounded.
The dream sheep bites you but does no damage. x2
The dream sheep bites you!
Unknown command.
Casting: Static Discharge (safe; 0% risk of failure)
Confirm with . or Enter, or press ? or * to list all spells.
The dream sheep is struck by an arc of lightning.
The dream sheep is heavily wounded.
You are struck by an arc of lightning.
The dream sheep is struck by an arc of lightning.
The dream sheep is heavily wounded.
The dream sheep is struck by an arc of lightning!
The dream sheep is almost dead.
The dream sheep is struck by an arc of lightning.
The dream sheep is heavily wounded.
The lightning grounds out.
The dream sheep is struck by an arc of lightning.
The dream sheep is severely wounded.
You are struck by an arc of lightning.
The lightning grounds out.
Your battlesphere fires!
The barrage of energy hits the dream sheep!
You kill the dream sheep!
Vehumet accepts your kill.
The dream sheep bites you but does no damage.
The dream sheep bites you.
The dream sheep bites you but does no damage.
Casting: Static Discharge (safe; 0% risk of failure)
Confirm with . or Enter, or press ? or * to list all spells.
Aiming: Airstrike (safe; 0% risk of failure)
Press: ? - help, Dir - move target, f - dream sheep
Aim: a dream sheep (heavily wounded, ally target, empty space bonus: 4/8)
The air twists around and strikes the dream sheep!!
You kill the dream sheep!
Vehumet accepts your kill.
You feel your power returning. The dream sheep bites you.
The dream sheep shake their wool and sparkle.
You feel drowsy...
You fall asleep.
The dream sheep bites you!!
You die...

#.$ ... . ....
### P. #....
.P#P..
#...####.P.P..
.#.......P.....
.........*.....
.....†8@Y......
.......YY......
.....###.†.#.P.
#... #...# .
#.. ##..# ##
.... ... #.


You could see 3 dream sheep, a friendly lightning spire (summoned) and a
friendly battlesphere.

Vanquished Creatures
  Gastronok (D:8)
  2 hydras (Lair:4)
  2 two-headed ogres
  5 death yaks
  Sonja (Lair:4)
  3 skysharks
  Pikel (D:6)
  A cyclops (D:11)
  4 elephants (Lair:2)
  An ugly thing (D:10)
  A black mamba (Lair:4)
  Maurice (D:9)
  5 cane toads
  A kobold demonologist (D:9)
  Psyche (D:8)
  2 komodo dragons
  An unseen horror zombie (D:8)
  2 trolls
  2 polar bears
  A hornet (D:9)
  3 dream sheep
  19 blink frogs
  2 shadows (D:9)
  4 wyverns
  19 yaks
  A ynoxinul (D:10)
  8 vampire mosquitoes
  2 basilisks
  A steam dragon (D:7)
  2 wargs (D:8)
  2 acid dragons (D:10)
  3 water moccasins
  Duvessa (D:7)
  A sky beast (D:6)
  3 swamp drakes (D:10)
  3 orc warriors
  A hornet zombie (D:8)
  2 ogres
  4 wolves
  2 black bears (Lair:1)
  2 centaurs
  2 lemures (D:6)
  2 phantoms
  6 kobold brigands
  2 gnoll sergeants
  5 bullfrogs
  2 necrophages (D:8)
  2 wyvern zombies (D:8)
  A scorpion (D:5)
  8 wights
  Dowan (D:7)
  A killer bee (D:9)
  A vampire bat (D:3)
  An electric eel (Lair:3)
  10 howler monkeys
  4 centaur zombies (D:8)
  2 hounds (D:6)
  4 jellies
  A human zombie (D:8)
  11 orc priests
  A gnoll bouda (D:7)
  A sleepcap (D:4)
  8 iguanas
  14 orc wizards
  A mummy (D:8)
  Robin (D:3)
  18 gnolls
  9 adders
  A river rat (Sewer)
  A white imp (D:5)
  8 worms
  2 dart slugs
  26 orcs
  18 ball pythons
  13 endoplasms
  5 giant cockroaches
  16 goblins
  7 hobgoblins
  6 jackals
  19 kobolds
  2 quokkas
  13 bats
  2 frilled lizards (D:2)
  8 rats
  A butterfly (Lair:4)
390 creatures vanquished.

Vanquished Creatures (collateral kills)
  A catoblepas (Lair:2)
  5 death yaks
  A manticore (D:11)
  A cyclops (D:9)
  4 black mambas
  3 cane toads
  An elephant (Lair:2)
  2 komodo dragons
  A troll (D:10)
  A polar bear (Lair:2)
  6 blink frogs
  5 dream sheep
  A culicivora (shapeshifter) (D:9)
  12 yaks
  A wraith (D:11)
  A wyvern (Lair:2)
  2 vampire mosquitoes
  A steam dragon (D:9)
  8 water moccasins
  An acid dragon (D:11)
  A swamp drake (D:10)
  7 wolves
  4 centaurs
  5 bullfrogs
  A wight (D:9)
  4 killer bees (D:9)
  An orc wizard (D:11)
81 creatures vanquished.

Vanquished Creatures (others)
  2 trolls (D:9)
  A centaur (D:9)
  A gnoll bouda (D:9)
  A kobold (D:10)
5 creatures vanquished.

Grand Total: 476 creatures vanquished

Notes
Turn   | Place    | Note
-------+----------+-------------------------------------------
     0 | D:1      | Dawnplanks the Tengu Air Elementalist began the quest for
                  | the Orb.
     0 | D:1      | Reached XP level 1. HP: 10/10 MP: 4/4
   217 | D:1      | Reached XP level 2. HP: 15/15 MP: 4/6
   912 | D:2      | Reached XP level 3. HP: 17/19 MP: 0/7
  1266 | D:2      | Reached skill level 5 in Air Magic
  1356 | D:2      | Found a basalt altar of Yredelemnul.
  1662 | D:2      | Reached XP level 4. HP: 24/24 MP: 3/9
  2259 | D:3      | Found a runed translucent door.
  2264 | D:3      | Noticed SteveLogic's ghost (amateur DECj)
  2454 | D:3      | Gained mutation: Your magical nature lets you fly swiftly
                  | and evasively. [Tengu growth]
  2454 | D:3      | Reached XP level 5. HP: 25/28 MP: 10/10
  2479 | D:3      | Noticed Robin
  2486 | D:3      | Killed Robin
  2612 | D:3      | Found a glowing drain.
  2681 | Sewer    | Entered a sewer
  3186 | Sewer    | Noticed a kobold brigand
  3210 | Sewer    | Killed a kobold brigand
  3211 | Sewer    | Reached skill level 6 in Air Magic
  3211 | Sewer    | Reached XP level 6. HP: 20/33 MP: 0/12
  3938 | D:3      | Learned a level 2 spell: Static Discharge
  3942 | D:3      | Learned a level 3 spell: Swiftness
  3947 | D:3      | Learned a level 4 spell: Airstrike
  4025 | D:3      | Found a runed translucent door.
  4068 | D:3      | Reached XP level 7. HP: 37/37 MP: 9/14
  4328 | D:4      | You are sucked into a shaft and drop 1 floor!
  4328 | D:5      | Entered Level 5 of the Dungeon
  4572 | D:5      | Reached skill level 5 in Conjurations
  4620 | D:5      | Found a snail-covered altar of Cheibriados.
  4631 | D:5      | Found an iron altar of Okawaru.
  4751 | D:4      | Identified the +6 leather armour of Unreason {rC++ SInv}
  4932 | D:4      | Reached skill level 5 in Spellcasting
  4932 | D:4      | Reached skill level 7 in Air Magic
  5213 | D:4      | Found a runed translucent door.
  5215 | D:4      | Noticed aor's ghost (novice FoFi)
  5975 | D:5      | Reached XP level 8. HP: 42/42 MP: 15/17
  6164 | D:5      | Found a sparkling altar of Nemelex Xobeh.
  6350 | D:6      | Noticed Pikel
  6361 | D:6      | Killed Pikel
  6362 | D:6      | Reached skill level 1 in Armour
  6362 | D:6      | Reached skill level 8 in Air Magic
  6563 | D:6      | Learned a level 3 spell: Mephitic Cloud
  6866 | D:6      | Reached XP level 9. HP: 46/46 MP: 19/19
  6879 | D:6      | Reached skill level 9 in Air Magic
  7715 | D:7      | Noticed Dowan
  7717 | D:7      | Killed Dowan
  7717 | D:7      | Noticed Duvessa
  7893 | D:7      | Found a staircase to the Ecumenical Temple.
  7902 | Temple   | Entered the Ecumenical Temple
  8206 | D:7      | Killed Duvessa
  8207 | D:7      | Reached skill level 10 in Air Magic
  9266 | D:8      | Reached XP level 10. HP: 51/51 MP: 19/23
  9266 | D:8      | Noticed Psyche
  9546 | D:8      | Found a runed translucent gate.
  9547 | D:8      | Found a runed translucent gate.
  9548 | D:8      | Found a runed translucent gate.
  9550 | D:8      | Found an opulent altar of Gozag.
  9550 | D:8      | Noticed a six-headed hydra
  9551 | D:8      | Noticed a kobold demonologist
  9551 | D:8      | Noticed Dega's ghost (novice DsFi)
  9551 | D:8      | Noticed a two-headed ogre
  9804 | D:8      | Noticed Gastronok
  9849 | D:8      | Killed Gastronok
  9850 | D:8      | Reached skill level 11 in Air Magic
 10139 | D:8      | Found a radiant altar of Vehumet.
 10139 | D:8      | Found a sacrificial altar of Ru.
 10157 | D:8      | Became a worshipper of Vehumet
 10181 | D:8      | Killed Psyche
 10345 | D:8      | Found a staircase to the Lair.
 10494 | D:8      | Reached skill level 12 in Air Magic
 10588 | D:8      | Found an opulent altar of Gozag.
 11029 | D:8      | Found a basalt altar of Yredelemnul.
 11042 | D:8      | Reached skill level 10 in Spellcasting
 11397 | D:9      | Reached XP level 11. HP: 55/55 MP: 26/26
 11399 | D:9      | Noticed Maurice
 11402 | D:9      | Killed Maurice
 11407 | D:9      | Reached skill level 1 in Fighting
 11698 | D:9      | Reached skill level 13 in Air Magic
 11731 | D:9      | Found a shimmering altar of Xom.
 11758 | D:9      | Found an ornate altar of the Wu Jian Council.
 11803 | D:9      | Reached * piety under Vehumet
 11803 | D:9      | Offered knowledge of Magic Dart by Vehumet.
 12207 | D:9      | Learned a level 4 spell: Summon Lightning Spire
 12270 | D:9      | Found a snail-covered altar of Cheibriados.
 12273 | D:9      | Found Cheibriados's Comfort Zone.
 12278 | D:9      | Bought the +3 hat of Pondering {ponderous, Will+ MP+10
                  | Int+5} for 571 gold pieces
 12278 | D:9      | Found the +3 hat of Pondering {ponderous, Will+ MP+10
                  | Int+5}
 12621 | D:9      | Noticed a two-headed ogre
 12623 | D:9      | Noticed a cyclops
 12629 | D:9      | Reached ** piety under Vehumet
 12629 | D:9      | Offered knowledge of Freeze by Vehumet.
 12631 | D:9      | Killed a two-headed ogre
 12632 | D:9      | Reached skill level 14 in Air Magic
 12633 | D:9      | Killed a cyclops
 13027 | D:10     | Entered Level 10 of the Dungeon
 13107 | D:10     | Found a shimmering blue altar of Sif Muna.
 13185 | D:10     | Got Sif Muna's Discourse on Transmigration
 13190 | D:10     | Found a bloodstained altar of Trog.
 13455 | D:10     | Identified the +1 dagger of the Cursing Dove {protect,
                  | Int+4}
 13456 | D:10     | Offered knowledge of Searing Ray by Vehumet.
 13494 | D:10     | Noticed a two-headed ogre
 13496 | D:10     | Noticed a cyan ugly thing
 13497 | D:10     | Killed a two-headed ogre
 13498 | D:10     | Reached skill level 1 in Summonings
 13498 | D:10     | Reached XP level 12. HP: 60/60 MP: 29/29
 13507 | D:10     | Learned a level 5 spell: Freezing Cloud
 13611 | D:10     | Reached skill level 15 in Air Magic
 13772 | D:10     | Found a staircase to the Orcish Mines.
 14033 | D:11     | Reached *** piety under Vehumet
 14143 | D:11     | Identified the +1 robe of the Robin {Dex+3}
 14564 | D:11     | Reached skill level 10 in Conjurations
 14592 | D:11     | Offered knowledge of Stone Arrow by Vehumet.
 14987 | Lair:1   | Entered Level 1 of the Lair of Beasts
 15304 | Lair:1   | Reached skill level 16 in Air Magic
 15420 | Lair:1   | Reached **** piety under Vehumet
 15874 | Lair:1   | Learned a level 6 spell: Plasma Beam
 16201 | Lair:2   | Noticed a catoblepas
 16226 | Lair:2   | HP: 2/60 [catoblepas (15)]
 16226 | Lair:2   | Killed a catoblepas
 16402 | Lair:2   | Found a hole to the Spider Nest.
 16436 | Lair:2   | Reached XP level 13. HP: 65/65 MP: 31/31
 16567 | Lair:2   | Offered knowledge of Iskenderun's Battlesphere by Vehumet.
 16574 | Lair:2   | Learned a level 5 spell: Iskenderun's Battlesphere
 16693 | Lair:2   | Identified the +6 chain mail of Lonaac {Fly Regen+ Str-5}
 16699 | Lair:2   | Identified the +6 scale mail "Kotor" {Str+3 Int+6}
 17276 | Lair:2   | Reached skill level 17 in Air Magic
 17924 | Lair:3   | Reached ***** piety under Vehumet
 17929 | Lair:3   | Offered knowledge of Lee's Rapid Deconstruction by Vehumet.
 18226 | Lair:3   | Found a staircase to the Swamp.
 18434 | Lair:3   | Reached skill level 1 in Ice Magic
 18781 | Lair:4   | Reached skill level 18 in Air Magic
 18783 | Lair:4   | Reached XP level 14. HP: 55/71 MP: 15/33
 18789 | Lair:3   | HP: 1/71 [cane toad (16)]
 19076 | Lair:4   | Noticed Sonja
 19077 | Lair:4   | Killed Sonja
 19078 | Lair:4   | Reached skill level 15 in Spellcasting
 19483 | Lair:4   | You are sucked into a shaft and drop 1 floor!
 19483 | Lair:5   | Entered Level 5 of the Lair of Beasts
 19490 | Lair:5   | Slain by a dream sheep

Illustrated notes

Levels and vault maps discovered:
D:1:      eino_arrival_cavern_d, layout_loops_ring, dk_noncrumbling_3
D:2:      layout_basic, basic_altar
D:3:      layout_loops_ring, portal_sewer_entry_a, ebering_ghost_sewer_f,
          roderic_batcave, uniq_robin
D:4:      minmay_recursive_quarters, layout_loops_cross,
          hellmonk_ghost_happy_afterlife, minivault_4, hangedman_decor_push
D:5:      layout_basic, mainiacjoe_overflow_surrounded_room,
          mainiacjoe_overflow_paths, overflow_temple_1_default
D:6:      layout_loops_ring, uniq_pikel
D:7:      layout_loops_corners, temple_fountains, uniq_duvessa
D:8:      layout_basic, lemuel_mausoleum_altar_yredelemnul,
          gammafunk_temple_overflow_elements,
          nicolae_gozag_cash_rules_everything_around_me,
          erik_lair_orcish_takeover, ebering_ghost_gozag, uniq_psyche,
          uniq_gastronok
D:9:      minmay_chambers_of_sevens, layout_gridville,
          nzn_wu_jian_contemplation, xom_confusion_cloud, minmay_shop_chei,
          uniq_maurice
D:10:     layout_roguey, nzn_overflow_gifts_of_might_and_magic, orc_0_dummy,
          pond
D:11:     layout_loops_ring, hex_medium, kennysheep_generic_room_6
Temple:   nicolae_temple_ecumenical_triangle
Lair:1:   layout_gridlike, grunt_megastairs_5
Lair:2:   layout_regular_city, spider_nest_entry_web_field, st_stairs_10,
          minivault_27
Lair:3:   layout_loops_ring, minmay_swamp_entry_swarm, lemuel_fruit_fields,
          lemuel_fruit_tree
Lair:4:   layout_long_grid, lemuel_fruit_fields, grunt_megastairs_2, uniq_sonja
Lair:5:   minmay_lair_end_frog_pond, layout_regular_city, slime_entry_2,
          nicolae_lair_time_for_slime

Skill      XL: |  1  2  3  4  5  6  7  8  9 10 11 12 13 14 |
---------------+-------------------------------------------+-----
Conjurations   | 2 3 4 6 7 8 9 10 11 | 11.8
Air Magic      | 5 6 7 8 10 12 14 16 18 | 18.5
Spellcasting   | 3 4 5 6 8 10 12 13 14 15 | 15.0
Armour         | 1 2 3 4 |  4.9
Dodging        | 3 4 |  4.5
Fighting       | 1 |  1.7
Summonings     | 1 2 4 |  4.6
Ice Magic      | 1 |  1.1
Stealth        | |  2.0
Poison Magic   | |  0.2
Evocations     | |  0.3

Action                     |  1- 3 |  4- 6 |  7- 9 | 10-12 | 13-15 || total
---------------------------+-------+-------+-------+-------+-------++-------
  Melee: Dagger            |     1 |    31 |       |     2 |     2 ||    36
         Peck              |     1 |     3 |     2 |       |       ||     6
         Kick              |       |     5 |     6 |     1 |     2 ||    14
         Short sword       |       |       |     9 |       |       ||     9
         Flail             |       |       |     5 |     1 |       ||     6
   Cast: Shock             |    65 |   138 |   216 |   268 |    79 ||   766
         Static Discharge  |       |       |    10 |    22 |    11 ||    43
         Airstrike         |       |       |    33 |   148 |    44 ||   225
         Mephitic Cloud    |       |       |     1 |     3 |     1 ||     5
         Swiftness         |       |       |     1 |       |       ||     1
         Summon Lightning  |       |       |       |    31 |    29 ||    60
         Freezing Cloud    |       |       |       |     2 |    12 ||    14
         Iskenderun's Batt |       |       |       |       |    28 ||    28
         Plasma Beam       |       |       |       |       |     1 ||     1
  Evoke: Wand              |       |       |     2 |       |       ||     2
    Use: Scroll            |       |       |     4 |     6 |     3 ||    13
         Potion            |       |       |       |     4 |     2 ||     6
 Armour: Robe              |     5 |    18 |       |       |       ||    23
         Leather armour    |       |       |    24 |    67 |    22 ||   113
  Dodge: Dodged            |     2 |    46 |    36 |   142 |    21 ||   247

Table legend: (Time is in decaauts)
 A = Elapsed time spent in this place.
 B = Non-inter-level travel time spent in this place.
 C = Inter-level travel time spent in this place.
 D = Time resting spent in this place.
 E = Time spent auto-exploring this place.
 F = Levels seen in this place.
 G = Mean time per level.
                   A        B        C        D        E       F      G
               +--------+--------+--------+--------+--------+-----+--------+
         Total |  19007 |  18367 |    640 |    496 |  15667 |  18 | 1055.9 |
       Dungeon |  13413 |  12890 |    523 |    277 |  11094 |  11 | 1219.4 |
        Temple |     55 |     44 |     11 |      0 |     32 |   1 |   55.0 |
          Lair |   4502 |   4397 |    105 |    219 |   3640 |   5 |  900.4 |
         Sewer |   1036 |   1036 |      0 |      0 |    900 |   1 | 1036.0 |
               +--------+--------+--------+--------+--------+-----+--------+

Top non-repeatable levels by time:
     D:8: 1925 daAuts
     D:9: 1663 daAuts
     D:6: 1409 daAuts
     D:7: 1388 daAuts
  Lair:1: 1355 daAuts
     D:2: 1341 daAuts
  Lair:2: 1315 daAuts
  Lair:3: 1224 daAuts
     D:4: 1173 daAuts
   Sewer: 1036 daAuts
    D:10: 975 daAuts
    D:11: 962 daAuts
     D:1: 891 daAuts
     D:3: 891 daAuts
     D:5: 791 daAuts
